 Dungeon Crawl Stone Soup version 0.27.0-1-g7a089689b8 (webtiles) character file.

Game seed: 15462316095182361614

200 nightchill the Sneak (level 6, -11/35 HPs)
             Began as a Kobold Enchanter on Aug 16, 2021.
             Mangled by an ogre (26 damage)
             ... on level 3 of the Dungeon.
             The game lasted 00:06:07 (3934 turns).

nightchill the Sneak (Kobold Enchanter)             Turns: 3934, Time: 00:06:07

Health: -11/35     AC:  4    Str:  7    XL:     6   Next: 7%
Magic:  13/18      EV: 15    Int: 16    God:
Gold:   139        SH:  0    Dex: 16    Spells: 3/9 levels left

rFire    . . .     SeeInvis .   a - +1 dagger
rCold    . . .     Faith    .   (shield restricted)
rNeg     . . .     Spirit   .   b - +0 robe
rPois    .         Reflect  .   m - +0 helmet
rElec    .         Harm     .   h - +0 cloak
rCorr    .         Rampage  .   (no gloves)
Will     .....                  (no boots)
Stlth    ++++......             (no amulet)
HPRegen  0.11/turn              k - ring of magical power
MPRegen  0.16/turn              (no ring)

@: no status effects
A: small, no large weapons, nightstalker 3
a: no special abilities


You were on level 3 of the Dungeon.
You visited 1 branch of the dungeon, and saw 3 of its levels.

You collected 139 gold pieces.

Inventory:

Hand Weapons
 a - a +1 dagger (weapon)
Missiles
 s - 5 poisoned darts
Armour
 b - a +0 robe (worn)
 h - a +0 cloak (worn)
 m - a +0 helmet (worn)
Jewellery
 k - a ring of magical power (left hand)
Wands
 n - a wand of digging (2)
Scrolls
 c - a scroll of summoning {unknown}
 d - a scroll of teleportation {unknown}
 i - 2 scrolls of blinking {unknown}
 j - a scroll of fear {unknown}
 l - a scroll of identify {unknown}
Potions
 e - a potion of attraction {unknown}
 f - a potion of heal wounds {unknown}
 g - a potion of degeneration {unknown}
 o - a potion of haste {unknown}
 p - a potion of resistance {unknown}
 q - a potion of flight {unknown}
 r - a potion of mutation {unknown}


   Skills:
 + Level 1.8 Fighting
 * Level 3.8 Short Blades
 - Level 2.4 Dodging
 + Level 4.7 Stealth
 - Level 2.1 Spellcasting
 * Level 4.0 Hexes
 * Level 2.3 Ice Magic


You had 3 spell levels left.
You knew the following spells:

 Your Spells              Type           Power      Damage    Failure   Level
a - Corona                Hex            15%        N/A       3%          1
b - Ensorcelled Hibernat  Hex/Ice        24%        N/A       9%          2
c - Confusing Touch       Hex            14%        N/A       12%         3

Your spell library contained the following spells:

 Spells                   Type           Power      Damage    Failure   Level
 Tukima's Dance           Hex            14%        N/A       12%         3
 Dazzling Flash           Conj/Hex       16%        N/A       26%         3


Dungeon Overview and Level Annotations

Branches:
Dungeon (3/15)

Altars:
Hepliaklqana


Innate Abilities, Weirdness & Mutations

You are small and have problems with some larger weapons.
You are completely attuned to the shadows.


Message History

Press: ? - help, Shift-Dir - straight line, f - ogre
Aim: an ogre, wielding a +0 giant spiked club (chance to affect: 43%)
Okay, then.
Casting: Ensorcelled Hibernation (safe; 9% risk of failure)
Confirm with . or Enter, or press ? or * to list all spells.
Aiming: Ensorcelled Hibernation (safe; 9% risk of failure)
Press: ? - help, Shift-Dir - straight line, f - ogre
Aim: an ogre, wielding a +0 giant spiked club (chance to affect: 43%)
The ogre resists with some effort.
Casting: Ensorcelled Hibernation (safe; 9% risk of failure)
Confirm with . or Enter, or press ? or * to list all spells.
Aiming: Ensorcelled Hibernation (safe; 9% risk of failure)
Press: ? - help, Shift-Dir - straight line, f/p - ogre
Aim: an ogre, wielding a +0 giant spiked club (chance to affect: 43%)
The ogre resists with some effort.
The ogre closely misses you.
Casting: Ensorcelled Hibernation (safe; 9% risk of failure)
Confirm with . or Enter, or press ? or * to list all spells.
Aiming: Ensorcelled Hibernation (safe; 9% risk of failure)
Press: ? - help, Shift-Dir - straight line, f/p - ogre
Aim: an ogre, wielding a +0 giant spiked club (chance to affect: 43%)
The ogre resists with some effort.
The ogre misses you.
Casting: Ensorcelled Hibernation (safe; 9% risk of failure)
Confirm with . or Enter, or press ? or * to list all spells.
Aiming: Ensorcelled Hibernation (safe; 9% risk of failure)
Press: ? - help, Shift-Dir - straight line, f/p - ogre
Aim: an ogre, wielding a +0 giant spiked club (chance to affect: 43%)
The ogre resists with some effort.
The ogre hits you with a +0 giant spiked club!!
Ouch! That really hurt!
* * * LOW HITPOINT WARNING * * *
There is an open door here.
Casting: Ensorcelled Hibernation (safe; 9% risk of failure)
Confirm with . or Enter, or press ? or * to list all spells.
Aiming: Ensorcelled Hibernation (safe; 9% risk of failure)
Press: ? - help, Shift-Dir - straight line, f/p - ogre
Aim: an ogre, wielding a +0 giant spiked club (chance to affect: 43%)
The ogre resists with some effort.
The ogre hits you with a +0 giant spiked club!!
Ouch! That really hurt!
You die...

≈........................>.......
≈.##...........####........######
≈..#...####.#...#####.######
.......# #.#......##.# ..###..#
#^#......##.# ..# #..#
#......##.# ..###..# #......#
##.....####.#......#
....#.......#...@..# ###########
..........# #....O.# .#..........
###.#.#.#.# #.####.##.#.####..###
....#.#.#.###.# #..#.#.# #..#..
.######.......# ##.#.#.####..#..
.# ###.##### #(..#.##....... .#
### ##..#..#....### .#
#..#.....#.# .# ##>........#


You could see an ogre.

Vanquished Creatures
  A phantom (D:3)
  Natasha (D:3)
  4 adders
  2 worms (D:3)
  3 dart slugs (D:1)
  4 orcs (D:3)
  7 endoplasms
  A giant cockroach (D:3)
  2 goblins
  3 hobgoblins
  3 jackals (D:2)
  2 quokkas
  3 ball pythons (D:1)
  3 bats
  3 frilled lizards
  6 kobolds
  A rat (D:3)
49 creatures vanquished.

Vanquished Creatures (others)
  A fungus (D:2)
  6 plants
7 creatures vanquished.

Grand Total: 56 creatures vanquished

Notes
Turn   | Place    | Note
-------+----------+-------------------------------------------
     0 | D:1      | nightchill the Kobold Enchanter began the quest for the
                  | Orb.
     0 | D:1      | Reached XP level 1. HP: 10/10 MP: 3/3
   383 | D:1      | Reached XP level 2. HP: 15/15 MP: 5/5
   386 | D:1      | Learned a level 2 spell: Ensorcelled Hibernation
  1491 | D:1      | Reached XP level 3. HP: 20/20 MP: 6/6
  1497 | D:1      | Learned a level 3 spell: Confusing Touch
  2309 | D:2      | Reached skill level 1 in Ice Magic
  2486 | D:2      | Found a faded altar of an unknown god.
  2721 | D:2      | Reached skill level 1 in Fighting
  2721 | D:2      | Reached XP level 4. HP: 25/25 MP: 7/7
  3000 | D:3      | Noticed Natasha
  3005 | D:3      | Killed Natasha
  3078 | D:3      | Found a hazy altar of Hepliaklqana.
  3419 | D:3      | Reached XP level 5. HP: 28/29 MP: 8/8
  3589 | D:3      | Noticed a phantom
  3613 | D:3      | Killed a phantom
  3857 | D:3      | Reached XP level 6. HP: 35/35 MP: 9/9
  3901 | D:3      | Noticed an ogre
  3934 | D:3      | Mangled by an ogre

Illustrated notes

Levels and vault maps discovered:
D:1:      wander_arrival_estate, layout_basic
D:2:      layout_loops_cross, shapermc_ecumenical_altar_acropolis
D:3:      layout_basic, lemuel_coloured_pillars_altar,
          worldfamousw_hep_ancestral_shrine, guppyfry_early_lair_pool,
          uniq_natasha

Skill      XL: |  1  2  3  4  5 |
---------------+----------------+-----
Short Blades   | 2 3 |  3.8
Ice Magic      | 1 2 |  2.3
Fighting       | 1 |  1.8
Hexes          | 4 |  4.0
Dodging        | |  2.4
Stealth        | |  4.7
Spellcasting   | |  2.1

Action                   |  1- 3 |  4- 6 || total
-------------------------+-------+-------++-------
Melee: Dagger            |    95 |    66 ||   161
 Cast: Corona            |     7 |       ||     7
       Ensorcelled Hiber |    14 |    19 ||    33
       Confusing Touch   |       |     2 ||     2
 Stab: Sleeping          |    22 |    17 ||    39
       Confused          |       |     2 ||     2
Armor: Robe              |    14 |     9 ||    23
Dodge: Dodged            |    91 |    40 ||   131
